Construct Section Command Post
Selects Air and Sea Battlegroup
Construct Platoon Command Post
Construct Company Command Post
Selects Commando Section Paradrop
Selects M1 Pack Howitzer Paradrop
M1 Pack Howitzer Paradrop
Construct Field Infirmary
Construct Field Infirmary
Selects Incendiary Bombing Run
Unlock M3 Grant Medium Tanks
Unlock Towed 17-pounder Anti-tank Guns
17-pounder Anti-tank Gun Team
17-pounder Anti-tank Gun Team